 Dungeon Crawl Stone Soup version 0.23.0-33-g5e6c059 (webtiles) character file.

Game seed: 0

313 Fang the Skirmisher (level 6, -1/58 HPs)
             Began as a Gargoyle Berserker on Feb 26, 2019.
             Was a Believer of Trog.
             Slain by a scorpion (7 damage)
             ... on level 4 of the Dungeon.
             The game lasted 00:05:34 (3755 turns).

Fang the Skirmisher (Gargoyle Berserker)            Turns: 3755, Time: 00:05:35

Health: -1/58      AC:  9    Str: 28    XL:     6   Next: 43%
Magic:  6/6        EV: 12    Int:  7    God:    Trog [**....]
Gold:   226        SH:  0    Dex:  9    Spells: 5/5 levels left

rFire    . . .     SeeInvis .   m - +0 war axe
rCold    . . .     Gourm    .   (no shield)
rNeg     + . .     Faith    .   b - +0 animal skin
rPois    ∞         Spirit   .   (no helmet)
rElec    +         Reflect  .   (no cloak)
rCorr    .         Harm     .   (no gloves)
MR       .....                  a - +2 pair of boots
Stlth    ..........             (no amulet)
HPRegen  0.19/turn              (no ring)
MPRegen  0.10/turn              (no ring)

@: berserking (expiring), starving, very quick
A: negative energy resistance 1, electricity resistance, unbreathing,
petrification resistance, rot immunity, AC +4
a: Berserk, Trog's Hand, Renounce Religion


You were on level 4 of the Dungeon.
You worshipped Trog.
Trog was pleased with you.
You were starving.

You visited 1 branch of the dungeon, and saw 4 of its levels.

You collected 226 gold pieces.

Inventory:

Hand Weapons
 m - a +0 war axe (weapon)
 r - a +0 trident
Armour
 a - a +2 pair of boots (worn)
 b - a +0 animal skin (worn)
Scrolls
 d - 4 scrolls of teleportation {unknown}
 f - a scroll of blinking {unknown}
 g - 4 scrolls of identify {unknown}
 j - a scroll of enchant weapon {unknown}
 k - 2 scrolls of noise {unknown}
 l - a scroll of magic mapping {unknown}
 o - a scroll of fog {unknown}
 p - a scroll of enchant armour {unknown}
 q - a scroll of immolation {unknown}
Potions
 e - 4 potions of agility {unknown}
 h - a potion of resistance {unknown}
 i - 3 potions of curing {unknown}
 n - a potion of heal wounds {unknown}
Comestibles
 c - 3 rations


   Skills:
 + Level 4.7 Fighting
 + Level 3.9 Axes
 + Level 4.0 Armour
 + Level 3.0 Dodging


You had 5 spell levels left.
You didn't know any spells.
Your spell library was empty.

Dungeon Overview and Level Annotations

Branches:
Dungeon (4/15)
 Temple: D:4-7

Altars:
Gozag
Hepliaklqana
Sif Muna
Trog

Annotations:
D:3 3 runed translucent doors, Gadfly's ghost, amateur DEIE


Innate Abilities, Weirdness & Mutations

You are resistant to torment.
Your stone body is resilient. (AC +4)
You are immune to poison.
You resist negative energy. (rN+)
You are resistant to electric shocks. (rElec)
You can survive without breathing.
You are immune to petrification.
You are immune to rotting.


Message History

The ogre is almost dead.
You slash the scorpion! The scorpion stings you. The ogre closely misses you.
You barely miss the ogre.
The ogre is almost dead.
You closely miss the scorpion. The scorpion misses you.
You barely miss the ogre.
The ogre is almost dead.
You closely miss the scorpion.
The ogre hits you with a +0 giant club!!
* * * LOW HITPOINT WARNING * * *
The scorpion completely misses you.
You slash the ogre!
You kill the ogre!
Trog accepts your kill.
Your life force feels restored.
Your Armour skill increases to level 4!
Your Dodging skill increases to level 3!
You slash the scorpion! The scorpion stings you!
You die...

........# ........#
#........# #........#
######## #........#
#......###........#
....##'#..##........#
# #s@##.##.......<#
#....#...........#
+....####..#####.###
##..## ##.####.....
###+ #....'.....
######..... ##.###
#.... #....


You could see a scorpion.

Vanquished Creatures
  An ogre (D:4)
  A centaur skeleton (D:4)
  An iguana (D:4)
  An orc wizard (D:4)
  A worker ant (D:4)
  7 adders
  3 worms
  A dart slug (D:2)
  4 orcs (D:4)
  A ball python (D:2)
  3 bats
  A giant cockroach (D:1)
  8 goblins
  11 hobgoblins
  A quokka (D:3)
  6 frilled lizards
  9 kobolds
  3 rats
63 creatures vanquished.

Notes
Turn   | Place    | Note
-------+----------+-------------------------------------------
     0 | D:1      | Fang the Gargoyle Berserker began the quest for the Orb.
     0 | D:1      | Reached XP level 1. HP: 14/14 MP: 1/1
   389 | D:1      | Reached XP level 2. HP: 19/19 MP: 2/2
  1159 | D:2      | Found a hazy altar of Hepliaklqana.
  1169 | D:2      | Reached XP level 3. HP: 23/23 MP: 3/3
  1222 | D:2      | Reached ** piety under Trog
  1837 | D:2      | Found a faded altar of an unknown god.
  1999 | D:3      | Found a runed translucent gate.
  1999 | D:3      | Found a runed translucent gate.
  2013 | D:3      | Reached XP level 4. HP: 29/29 MP: 4/4
  2035 | D:3      | Found a runed translucent gate.
  2041 | D:3      | Noticed Gadfly's ghost (amateur DEIE)
  2713 | D:3      | Reached XP level 5. HP: 29/33 MP: 5/5
  3305 | D:4      | Found a bloodstained altar of Trog.
  3391 | D:4      | Found an opulent altar of Gozag.
  3576 | D:4      | Reached XP level 6. HP: 30/39 MP: 6/6
  3633 | D:4      | Found a deep blue altar of Sif Muna.
  3755 | D:4      | Slain by a scorpion

Skill      XL: |  1  2  3  4  5  6 |
---------------+-------------------+-----
Axes           | 3 |  3.9
Dodging        | 2 3 |  3.0
Armour         | 3 4 |  4.0
Fighting       | 4 |  4.7

Action                   |  1- 3 |  4- 6 || total
-------------------------+-------+-------++-------
Melee: Hand axe          |   142 |       ||   142
       War axe           |     3 |   111 ||   114
       Trident           |       |     2 ||     2
Invok: Berserk           |     1 |     1 ||     2
  Eat: Chunk             |     4 |     5 ||     9
Armor: Animal skin       |    47 |    38 ||    85
Dodge: Dodged            |    94 |    73 ||   167
